 Dungeon Crawl Stone Soup version 0.30.1-11-g7821555f0a (webtiles) character file.

Game seed: 11454389435336359702

2653 bnorton916 the Thaumaturge (level 9, -6/49 HPs)
             Began as a Deep Elf Conjurer on Dec 5, 2023.
             Was an Initiate of Gozag.
             Mangled by a hornet (16 damage)
             ... on level 8 of the Dungeon.
             The game lasted 00:18:19 (10262 turns).

bnorton916 the Thaumaturge (Deep Elf Conjurer)     Turns: 10262, Time: 00:18:20

Health: -6/49      AC:  4    Str:  6    XL:     9   Next: 36%
Magic:  18/26      EV: 12    Int: 26    God:    Gozag
Gold:   228        SH:  0    Dex: 16    Spells: 19/30 levels left

rFire   . . .        E - +5 falchion of the Loving Fox {flame, Fly rPois rN+ Dex+3}
rCold   . . .        (no shield)
rNeg    + . .        a - +0 robe
rPois   +            u - +0 helmet
rElec   .            i - +0 cloak
rCorr   .            (no gloves)
SInv    .            (no boots)
Will    .....        h - amulet of magic regeneration
Stlth   ++           (no ring)
HPRegen 0.28/turn    (no ring)
MPRegen 0.60/turn

%: no passive effects
@: flying, slowed, very slow
A: sense surroundings 1, poison resistance, robust 1, wild magic 1
a: Renounce Religion, Potion Petition, Call Merchant, Bribe Branch


You were on level 8 of the Dungeon.
You worshipped Gozag.
Gozag was aware of your devotion.
You visited 2 branches of the dungeon, and saw 9 of its levels.

You collected 319 gold pieces.
You paid 91 gold pieces to Gozag.

Inventory:

Hand Weapons
 p - a +0 dagger of protection
 y - a +0 dagger of electrocution
 E - the +5 falchion of the Loving Fox (weapon) {flame, Fly rPois rN+ Dex+3}
   (You found it on level 6 of the Dungeon)

   Dex:       It affects your dexterity (+3).
   rPois:     It protects you from poison.
   rN:        It protects you from negative energy.
   Fly:       It grants you flight.
Missiles
 x - 12 poisoned darts
 z - a throwing net
Armour
 a - a +0 robe (worn)
 i - a +0 cloak (worn)
 q - a scarf of repulsion
 r - a +1 scale mail of positive energy
 u - a +0 helmet (worn)
Jewellery
 h - an amulet of magic regeneration (around neck)
 w - a ring of ice
Wands
 n - a wand of polymorph (6)
 o - a wand of paralysis (11)
Scrolls
 c - 5 scrolls of teleportation {unknown}
 f - 9 scrolls of identify {unknown}
 g - a scroll of fog {unknown}
 j - 2 scrolls of noise {unknown}
 s - 5 scrolls of immolation {unknown}
 t - 4 scrolls of blinking {unknown}
 v - a scroll of silence {unknown}
 B - a scroll of amnesia {unknown}
 C - a scroll of butterflies {unknown}
 F - 2 scrolls of magic mapping {unknown}
 G - a scroll of acquirement {unknown}
 H - a scroll of enchant armour {unknown}
 J - a scroll of brand weapon {unknown}
Potions
 b - a potion of magic
 d - 3 potions of heal wounds {unknown}
 e - a potion of brilliance
 k - 2 potions of lignification
 l - 5 potions of curing
 m - a potion of attraction {unknown}
 A - a potion of berserk rage {unknown}
 D - a potion of haste {unknown}
 I - a potion of flight {unknown}


   Skills:
 - Level 2.4 Dodging
 - Level 2.4 Stealth
 - Level 11.3 Spellcasting
 + Level 10.3 Conjurations
 - Level 4.0 Hexes
 + Level 0.6 Necromancy
 - Level 3.0 Translocations
 + Level 0.6 Ice Magic


You had 19 spell levels left.
You knew the following spells:

 Your Spells              Type           Power      Damage    Failure   Level
a - Magic Dart            Conj           100%       1d8       1%          1
b - Searing Ray           Conj           100%       2d8       1%          2
c - Iskenderun's Mystic   Conj/Tloc      59%        2d12      4%          4
d - Fulminant Prism       Conj/Hex       30%        3d15      3%          4

Your spell library contained the following spells:

 Spells                   Type           Power      Damage    Failure   Level
 Kiss of Death            Conj/Necr      100%       2d13      1%          1
 Dazzling Flash           Conj/Hex       100%       N/A       1%          3
 Confusing Touch          Hex            46%        N/A       4%          3
 Ozocubu's Armour         Ice            23%        N/A       14%         3
 Dispel Undead            Necr           23%        3d12      38%         4
 Ozocubu's Refrigeration  Ice            11%        4d10      100%        7


Dungeon Overview and Level Annotations

Branches:
Dungeon (8/15)             Temple (1/1) D:7
   Lair: D:8-11

Altars:
Ashenzari
Dithmenos
Elyvilon
Fedhas
Gozag
Kikubaaqudgha
Sif Muna
Uskayaw
Vehumet
Wu Jian

Shops:
D:1 :


Innate Abilities, Weirdness & Mutations

You passively map a small area around you.
Your system is resistant to poisons. (rPois)
You are robust. (+10% HP)
Your spells are a little harder to cast, but a little more powerful.


Message History

Aim: a hornet (moderately wounded, 74% to hit)
The searing ray hits the hornet.
The hornet is heavily wounded. (Press . to maintain the ray.)
You hear a shout! x4; You hear an angry hiss.
The hornet barely misses you. The hornet stings you.
You feel yourself slow down.
The searing ray hits the hornet!
The hornet is severely wounded.
The hornet closely misses you. The hornet stings you.
The searing ray hits the hornet!
The hornet is almost dead.
The hornet misses you. The hornet stings you!
You feel as though you will be slow longer.
Unknown command.
The searing ray misses the hornet.
You finish channelling your searing ray.
The hornet closely misses you. The hornet stings you.
You feel as though you will be slow longer.
A bullfrog comes into view.
Unknown command.
Casting: Searing Ray (safe; 1% risk of failure)
Confirm with . or Enter, or press ? or * to list all spells.
Aiming: Searing Ray (safe; 1% risk of failure)
Press: ? - help, Shift-Dir - straight line, f/p - hornet
Aim: a hornet (almost dead, 74% to hit)
The searing ray hits the hornet but does no damage.
The hornet is almost dead. (Press . to maintain the ray.)
The bullfrog gives a loud, deep croak!
The hornet stings you!
* * * LOW HITPOINT WARNING * * *
The hornet closely misses you. The hornet barely misses you.
The searing ray hits the hornet.
The hornet is almost dead.
The searing ray hits the bullfrog.
The bullfrog is moderately wounded.
The hornet stings you!
You die...
Your body crumbles into a pile of gold.

#.# #.# #.# * #.#
#######.################
........................
, ,
.######.################
.######.# , >......@# #
*#.....y..# # ..###F####
** * * # ... , $ * , ,
,#.♣♣* , , , #. , , , *
* # * * $ * , , *$ , ,


You could see a hornet and a bullfrog.

Vanquished Creatures
  Grinder (D:5)
  3 water moccasins
  4 sky beasts (D:6)
  An ice beast (D:7)
  A black bear (D:5)
  An ogre (D:4)
  A centaur (D:6)
  2 phantoms (D:6)
  Blork the orc (D:5)
  A bullfrog (D:8)
  3 scorpions
  5 wights (D:6)
  An electric eel (D:6)
  2 howler monkeys (D:4)
  3 hounds
  A jelly (D:5)
  Crazy Yiuf (D:7)
  Ijyb (D:3)
  An iguana (D:6)
  6 orc wizards
  Robin (D:3)
  9 adders
  A shadow imp (D:5)
  A white imp (D:5)
  3 ufetubi
  2 worms (D:2)
  3 dart slugs
  20 orcs
  4 ball pythons
  5 bats
  10 endoplasms
  3 giant cockroaches
  11 goblins
  11 hobgoblins
  4 jackals (D:3)
  13 kobolds
  3 quokkas
  3 frilled lizards
  10 rats
157 creatures vanquished.

Vanquished Creatures (others)
  18 fulminant prisms
18 creatures vanquished.

Grand Total: 175 creatures vanquished

Notes
Turn   | Place    | Note
-------+----------+-------------------------------------------
     0 | D:1      | bnorton916 the Deep Elf Conjurer began the quest for the
                  | Orb.
     0 | D:1      | Reached XP level 1. HP: 10/10 MP: 6/6
    36 | D:1      | Noticed a polar bear
    36 | D:1      | Noticed an iguana
    37 | D:1      | Noticed a black mamba
    37 | D:1      | Noticed a lindwurm
   351 | D:1      | Reached XP level 2. HP: 15/15 MP: 4/8
   354 | D:1      | Learned a level 2 spell: Searing Ray
   863 | D:1      | Found Riwuahad's Book Shoppe.
  1012 | D:1      | Reached skill level 4 in Spellcasting
  1188 | D:1      | Reached skill level 5 in Conjurations
  1188 | D:1      | Reached XP level 3. HP: 19/19 MP: 8/10
  1816 | D:2      | Reached XP level 4. HP: 24/24 MP: 8/12
  2727 | D:3      | Reached skill level 5 in Spellcasting
  2884 | D:3      | Noticed Ijyb
  3175 | D:3      | Gained mutation: Your magical capacity is low. (-10% MP)
                  | [potion of mutation]
  3175 | D:3      | Gained mutation: You are vulnerable to cold. (rC-) [potion
                  | of mutation]
  3175 | D:3      | Gained mutation: Your spells are a little harder to cast,
                  | but a little more powerful. [potion of mutation]
  3187 | D:3      | Killed Ijyb
  3249 | D:3      | Reached XP level 5. HP: 28/28 MP: 8/13
  3620 | D:3      | Noticed Robin
  3640 | D:3      | Killed Robin
  3711 | D:3      | Found a faded altar of an unknown god.
  4088 | D:4      | Noticed an ogre
  4106 | D:4      | Killed an ogre
  4107 | D:4      | Reached skill level 6 in Spellcasting
  4107 | D:4      | Reached XP level 6. HP: 32/32 MP: 10/15
  4840 | D:4      | Reached skill level 7 in Spellcasting
  5002 | D:4      | Learned a level 4 spell: Fulminant Prism
  5299 | D:5      | Entered Level 5 of the Dungeon
  5668 | D:5      | Reached skill level 1 in Hexes
  5670 | D:5      | Lost mutation: You are vulnerable to cold. (rC-) [potion of
                  | mutation]
  5670 | D:5      | Lost mutation: Your spells are a little harder to cast, but
                  | a little more powerful. [potion of mutation]
  5670 | D:5      | Lost mutation: Your magical capacity is low. (-10% MP)
                  | [potion of mutation]
  5670 | D:5      | Gained mutation: Your body sometimes deteriorates upon
                  | taking damage. [potion of mutation]
  5670 | D:5      | Gained mutation: You have supernaturally acute eyesight.
                  | (SInv) [potion of mutation]
  5732 | D:5      | Noticed Grinder
  5740 | D:5      | Killed Grinder
  5741 | D:5      | Reached XP level 7. HP: 31/36 MP: 13/20
  5901 | D:5      | Noticed Blork the orc
  5909 | D:5      | Killed Blork the orc
  6124 | D:5      | Reached skill level 8 in Spellcasting
  6898 | D:5      | Reached XP level 8. HP: 35/41 MP: 16/22
  7359 | D:6      | Reached skill level 9 in Spellcasting
  7497 | D:6      | Learned a level 4 spell: Iskenderun's Mystic Blast
  7528 | D:6      | Reached skill level 1 in Translocations
  7635 | D:6      | Found a blossoming altar of Fedhas.
  8175 | D:6      | Reached skill level 10 in Spellcasting
  8400 | D:6      | Reached XP level 9. HP: 45/45 MP: 17/25
  8719 | D:6      | Identified the +5 falchion of the Loving Fox {flame, Fly
                  | rPois rN+ Dex+3}
  9041 | D:7      | Reached skill level 11 in Spellcasting
  9056 | D:7      | Reached skill level 10 in Conjurations
  9286 | D:7      | Lost mutation: You have supernaturally acute eyesight.
                  | (SInv) [potion of mutation]
  9286 | D:7      | Lost mutation: Your body sometimes deteriorates upon taking
                  | damage. [potion of mutation]
  9286 | D:7      | Gained mutation: You are robust. (+10% HP) [potion of
                  | mutation]
  9286 | D:7      | Gained mutation: You passively map a small area around you.
                  | [potion of mutation]
  9286 | D:7      | Gained mutation: Your system is resistant to poisons.
                  | (rPois) [potion of mutation]
  9286 | D:7      | Gained mutation: Your spells are a little harder to cast,
                  | but a little more powerful. [potion of mutation]
  9548 | D:7      | Found a staircase to the Ecumenical Temple.
  9557 | Temple   | Entered the Ecumenical Temple
  9666 | Temple   | Became a worshipper of Gozag Ym Sagoz the Greedy
 10070 | D:7      | Found a runed translucent door.
 10071 | D:7      | Noticed Crazy Yiuf
 10144 | D:7      | Killed Crazy Yiuf
 10262 | D:8      | Mangled by a hornet

Illustrated notes

Levels and vault maps discovered:
D:1:      onia_arrival_zoo_common, layout_basic, serial_shops,
          nicolae_shop_temple_entry_statues_fountains
D:2:      minmay_inner_zag, layout_basic, chequers_big_river
D:3:      layout_loops_ring, hellmonk_ecumenical_altar_pennies_from_heaven,
          nicolae_goblin_pals, uniq_robin
D:4:      layout_loops_ring
D:5:      layout_loops_ring, uniq_blork_the_orc, uniq_grinder
D:6:      cheibrodos_helix_gallery, layout_basic, fedhas_altar_1, fountainhead
D:7:      layout_basic, minmay_temple_entry_statues_fountains,
          uniq_crazy_yiuf_cottage
D:8:      nzn_winding_woodlands_large [nzn_winding_woodlands_5x5_perimeter,
          nzn_winding_woodlands_5x15_zeroes, nzn_winding_woodlands_hourglass,
          nzn_winding_woodlands_center_pierced_h,
          nzn_winding_woodlands_15x15_boxy_spiral,
          nzn_winding_woodlands_center_diamonds,
          nzn_winding_woodlands_5x5_default, nzn_winding_woodlands_5x15_jagged,
          nzn_winding_woodlands_5x5_checkerboard], layout_basic,
          kennysheep_mini_moat, nicolae_overflow_hidden_temple,
          hangedman_decor_peaks_small, amethyst_killhole, uniq_maurice,
          uniq_joseph, uniq_pikel, uniq_gastronok
Temple:   nicolae_temple_two_arcs

Skill      XL: |  1  2  3  4  5  6  7  8  9 |
---------------+----------------------------+-----
Spellcasting   | 4 5 6 7 8 10 11 | 11.3
Conjurations   | 5 6 7 8 9 10 | 10.3
Hexes          | 2 4 |  4.0
Translocations | 3 |  3.0
Dodging        | |  2.4
Stealth        | |  2.4
Necromancy     | |  0.6
Ice Magic      | |  0.6

Action                     |  1- 3 |  4- 6 |  7- 9 || total
---------------------------+-------+-------+-------++-------
  Melee: Unarmed           |       |     7 |       ||     7
   Cast: Magic Dart        |    83 |   117 |    77 ||   277
         Searing Ray       |     2 |    21 |    30 ||    53
         Fulminant Prism   |       |       |    18 ||    18
         Iskenderun's Myst |       |       |     7 ||     7
  Evoke: Wand              |       |     1 |       ||     1
    Use: Potion            |       |     4 |     2 ||     6
 Armour: Robe              |     3 |     4 |     7 ||    14
         Skin              |       |     2 |    11 ||    13
  Dodge: Dodged            |     7 |    16 |    28 ||    51
